Map: Taito Citadel LE

Players

Cypem

  • Race: Zerg Zerg
  • League: Grandmaster
  • Spawn Location: 5:00

A.I. 1 (Very Easy) - Winner!

  • Race: Zerg Zerg
  • Spawn Location: 11:00

VOD

https://www.patreon.com/c/zergsgroundzero/posts

Description

Time

  • Played on: Feb. 4, 2026, 4:30 a.m.
  • Length: 7:55
Show
View Real Time Build Order
Export as new Build Order

Cypem Zerg 

Build Orders: Hatch First 

Get SALT Encoding   

  12  0:00  Drone  
  13  0:09  Drone  
  14  0:14  Extractor, Drone  
  15  0:35  Hatchery  
  14  0:39  Extractor  
  14  0:40  Drone  
  15  0:46  Overlord  
  15  1:02  Spawning Pool  
  15  1:04  Drone  
  15  1:07  Drone  
  16  1:11  Drone  
  16  1:15  Drone  
  18  1:25  Extractor, Drone  
  18  1:38  Drone  
  19  1:48  Queen x2  
  19  1:49  Drone  
  19  1:53  Drone  
  25  1:57  Drone  
  26  2:02  Overlord  
  26  2:09  Drone x2  
  28  2:20  Drone x2  
  30  2:24  Queen  
  30  2:29  Drone  
  33  2:31  Overlord  
  33  2:40  Drone  
  33  2:41  Drone  
  33  2:43  Lair  
  35  2:48  Evolution Chamber  
  35  2:51  Drone  
  35  2:52  Drone  
  35  2:58  Drone x3  
  39  2:59  Drone  
  39  3:01  Drone  
  42  3:05  Drone  
  42  3:07  Drone  
  42  3:10  Overlord  
  43  3:18  Roach Warren  
  42  3:20  Zerg Missile Weapons Level 1  
  42  3:22  Extractor  
  42  3:23  Drone  
  42  3:24  Drone  
  43  3:27  Extractor  
  43  3:29  Drone x2  
  43  3:31  Drone  
  43  3:32  Drone  
  46  3:34  Drone  
  46  3:35  Drone  
  46  3:37  Drone  
  49  3:51  Hatchery  
  48  3:58  Evolution Chamber, Overlord  
  48  3:59  Glial Reconstitution  
  48  4:02  Overseer  
  47  4:05  Overlord  
  47  4:06  Roach  
  47  4:07  Roach  
  51  4:14  Overlord  
  55  4:17  Roach x3  
  57  4:26  Roach x3  
  57  4:27  Roach  
  65  4:35  Roach x3  
  71  4:41  Roach x2  
  71  4:44  Overlord  
  75  4:46  Overlord  
  75  4:59  Extractor  
  74  5:06  Roach x2  
  79  5:07  Drone x7  
  79  5:10  Drone x2  
  79  5:11  Drone  
  88  5:14  Zerg Missile Weapons Level 2  
  88  5:16  Drone  
  88  5:19  Drone x2  
  91  5:24  Drone  
  91  5:26  Extractor  
  91  5:27  Zerg Ground Armor Level 1  
  91  5:34  Drone x2  
  91  5:35  Overlord  
  93  5:41  Overlord  
  93  5:44  Drone x3  
  93  5:48  Tunneling Claws  
  96  5:50  Burrow  
  96  5:51  Overlord  
  96  5:54  Overlord  
  96  5:58  Overlord  
  96  6:01  Overlord  
  96  6:06  Overlord x2  
  96  6:07  Roach  
  98  6:14  Roach x4  
  106  6:21  Roach x3  
  112  6:27  Roach x4  
  120  6:36  Roach  
  120  6:37  Roach x4  
  130  6:43  Roach  
  130  6:44  Roach x2  
  130  6:45  Overlord  
  136  6:53  Roach x4  
  144  7:02  Roach x5  
  144  7:04  Overlord  
  144  7:06  Overlord  
  154  7:09  Overlord, Ravager  
  154  7:10  Ravager  
  154  7:11  Ravager x2  
  154  7:12  Ravager  
  154  7:13  Ravager  
  154  7:14  Ravager  
  161  7:18  Roach x2  
  161  7:21  Overlord  
  161  7:22  Roach  
  167  7:24  Roach  
  167  7:26  Roach  
  167  7:27  Roach  
  167  7:29  Roach  
  175  7:30  Roach  
  175  7:33  Roach  
  175  7:34  Roach  
  175  7:36  Roach x2  
  199  7:54  Ravager  
Show
View Real Time Build Order
Export as new Build Order

A.I. 1 (Very Easy) Zerg - Winner!

Build Orders: Pool First 

Get SALT Encoding   

  12  0:00  Drone  
  13  0:12  Overlord  
  13  0:16  Drone  
  14  0:34  Spawning Pool  
  13  0:37  Drone  
  13  0:41  Extractor  
  13  0:44  Drone  
  14  0:51  Overlord  
  14  1:21  Zergling x2  
  14  1:23  Queen  
  17  1:31  Roach Warren  
  16  1:34  Drone  
  16  1:38  Extractor  
  16  1:40  Zergling x2  
  16  1:43  Drone  
  18  1:56  Drone  
  18  1:58  Zergling x2  
  20  2:06  Drone  
  21  2:17  Drone  
  22  2:28  Drone  
  23  2:30  Overlord  
  23  2:35  Drone  
  24  2:42  Drone  
  25  5:50  Roach, Drone  
  25  5:51  Overlord  
  25  5:58  Drone  
  26  6:05  Drone  
  27  6:12  Drone  
  23  6:19  Zergling x2, Drone  
  22  6:26  Drone  
  22  6:33  Drone  
  23  6:41  Drone  
  23  6:50  Hatchery  
  22  6:59  Roach Warren  
Tags
 
Add a new tag
Caveats
  • Supply blocks, unpowered buildings, or Contaminate may cause inaccurate times.
  • Supply counts are checked every 10 seconds.